 Dungeon Crawl Stone Soup version 0.27.1-3-gb3d3a73c9e (webtiles) character file.

Game seed: 16876047512366892509

4957 Atelerd the Thaumaturge (level 10, -5/56 HPs)
             Began as an Octopode Earth Elementalist on Oct 30, 2021.
             Was a Follower of Sif Muna.
             Killed from afar by a white imp (7 damage)
             ... with a puff of frost
             ... summoned by a kobold demonologist
             ... on level 8 of the Dungeon.
             The game lasted 00:16:54 (12149 turns).

Atelerd the Thaumaturge (OpEE)                     Turns: 12149, Time: 00:16:54

Health: -5/56      AC:  1    Str:  8    XL:     10   Next: 53%
Magic:  7/23       EV: 14    Int: 20    God:    Sif Muna [*.....]
Gold:   310        SH:  0    Dex: 13    Spells: 19/27 levels left

rFire    . . .     SeeInvis .   C - +1 dagger (venom)
rCold    . . .     Faith    .   (no shield)
rNeg     . . .     Spirit   .   (helmet restricted)
rPois    .         Reflect  .   (no amulet)
rElec    .         Harm     .   (no ring)
rCorr    .         Rampage  .   (no ring)
Will     .....                  (no ring)
Stlth    ++++......             (no ring)
HPRegen  0.18/turn              (no ring)
MPRegen  0.18/turn              (no ring)
                                (no ring)
                                (no ring)

@: no status effects
A: almost no armour, amphibious, 8 rings, camouflage 1, gelatinous body 1,
(nimble swimmer 1), tentacles
a: Renounce Religion, Channel Magic


You were on level 8 of the Dungeon.
You worshipped Sif Muna.
Sif Muna was aware of your devotion.
You visited 2 branches of the dungeon, and saw 9 of its levels.
You also visited: Sewer.

You collected 310 gold pieces.

Inventory:

Hand Weapons
 C - a +1 dagger of venom (weapon)
Missiles
 b - 212 stones
Jewellery
 f - a ring of ice
 p - a ring of wizardry
Wands
 a - a wand of acid (12)
 j - a wand of flame (11)
Scrolls
 c - a scroll of torment {unknown}
 e - a scroll of fear
 h - 5 scrolls of amnesia
 m - a scroll of identify
 r - a scroll of fog {unknown}
 t - a scroll of magic mapping {unknown}
 u - a scroll of immolation {unknown}
 w - 2 scrolls of enchant armour {unknown}
 x - a scroll of brand weapon {unknown}
 y - 2 scrolls of teleportation {unknown}
Potions
 d - a potion of heal wounds
 g - a potion of cancellation {unknown}
 k - 3 potions of magic {unknown}
 l - 4 potions of flight
 n - a potion of curing
 o - 2 potions of mutation {unknown}
 q - a potion of ambrosia {unknown}
 s - a potion of lignification {unknown}
 v - 2 potions of resistance {unknown}
 z - a potion of invisibility {unknown}
 A - a potion of brilliance {unknown}
 B - a potion of berserk rage {unknown}


   Skills:
 - Level 2.0 Short Blades
 + Level 3.9 Dodging
 - Level 5.0 Stealth
 * Level 9.1 Spellcasting
 - Level 2.0 Conjurations
 - Level 6.2 Transmutations
 - Level 2.0 Air Magic
 - Level 7.0 Earth Magic
 - Level 2.0 Poison Magic
 + Level 4.6 Invocations


You had 19 spell levels left.
You knew the following spells:

 Your Spells              Type           Power      Damage    Failure   Level
a - Sandblast             Erth           74%        2d16      1%          1
b - Mephitic Cloud        Conj/Pois/Air  17%        N/A       10%         3
p - Petrify               Tmut/Erth      35%        N/A       4%          4

Your spell library contained the following spells:

 Spells                   Type           Power      Damage    Failure   Level
 Passwall                 Tmut/Erth      29%        N/A       1%          2
 Magic Dart               Conj           68%        1d6       3%          1
 Stone Arrow              Conj/Erth      54%        3d10      3%          3
 Call Imp                 Summ           9%         N/A       12%         2
 Gell's Gravitas          Tloc           4%         N/A       22%         3
 Lesser Beckoning         Tloc           4%         N/A       22%         3
 Ozocubu's Armour         Ice            9%         N/A       22%         3
 Teleport Other           Tloc           9%         N/A       22%         3
 Metabolic Englaciation   Hex/Ice        4%         N/A       91%         5
 Simulacrum               Ice/Necr       4%         N/A       100%        6


Dungeon Overview and Level Annotations

Branches:
Dungeon (8/15)             Temple (1/1) D:5            Lair (0/6) D:8
  Sewer (visited)

Altars:
Ashenzari
Cheibriados
Dithmenos
Elyvilon
Fedhas
Gozag
Hepliaklqana
Kikubaaqudgha
Makhleb
Nemelex Xobeh
Qazlal
Ru
Sif Muna
Trog
Uskayaw
Vehumet
Wu Jian
The Shining One

Shops:
D:4 (   D:5 =

Annotations:
D:4 3 runed translucent doors, exclusion: 2 downstairs, CuBeRJAN3's ghost, amateur DrCj
D:5 exclusion: downstairs
D:7 exclusion: downstairs
D:8 2 transporters, Linguinho's ghost, novice GrFi


Innate Abilities, Weirdness & Mutations

You cannot wear most types of armour.
You are amphibious.
You can wear up to eight rings at the same time.
Your skin changes colour to match your surroundings (Stealth+).
Your rubbery body absorbs attacks. (AC +1, EV +1)
((You are camouflaged near water. (Stealth+)))
You have tentacles for arms and can constrict up to eight enemies at once.


Message History

The blast of sand hits the kobold demonologist!
The kobold demonologist is heavily wounded.
The kobold demonologist hits you with a +0 dagger.
The red devil hits you from afar with a +0 trident!
The blast of sand misses the kobold demonologist.
The blast of sand hits the red devil!
The red devil is heavily wounded.
The kobold demonologist mumbles some strange words.
The red devil hits you from afar with a +0 trident.
The blast of sand hits the kobold demonologist.
The kobold demonologist is heavily wounded.
The kobold demonologist hits you with a +0 dagger.
The red devil closely misses you. The white imp hits you.
The white imp freezes you.
Casting: Sandblast (safe; 1% risk of failure)
Confirm with . or Enter, or press ? or * to list all spells.
Aiming: Sandblast (safe; 1% risk of failure)
Press: ? - help, Shift-Dir - straight line, f/p - kobold demonologist
Aim: a kobold demonologist, wielding a +0 dagger and wearing a +0 robe (heavily wounded, 75% to hit)
The blast of sand hits the kobold demonologist!
The kobold demonologist is almost dead.
The kobold demonologist hits you with a +0 dagger.
The red devil hits you from afar with a +0 trident!
* * * LOW HITPOINT WARNING * * *
The white imp misses you.
Unknown command.
Casting: Sandblast (safe; 1% risk of failure)
Confirm with . or Enter, or press ? or * to list all spells.
Aiming: Sandblast (safe; 1% risk of failure)
Press: ? - help, Shift-Dir - straight line, f/p - kobold demonologist
Aim: a kobold demonologist, wielding a +0 dagger and wearing a +0 robe (almost dead, 75% to hit)
The blast of sand hits the kobold demonologist but does no damage.
The kobold demonologist is almost dead.
The kobold demonologist hits you with a +0 dagger.
* * * LOW HITPOINT WARNING * * *
The red devil hits you from afar with a +0 trident.
* * * LOW HITPOINT WARNING * * *
The white imp gestures at you. The puff of frost hits you!
You die... #..##.##.###......# #..##.##.# #.###.## #........# ### ### ##.......# KK ####.#### KKK #)##.## KKK

#)..#.# KK
#.#########5)..###.#####
.......5@K4K.....'......
#.#########K...###......
#.......# .....
#.###.#.# >... #.....#.#
... #..####.# #+# #..#
#.# #.# #..####.# #.#
#.......# ##.##


You could see a kobold demonologist, a red devil (summoned), 2 kobold brigands,
an iron imp (summoned) and a white imp (summoned).

Vanquished Creatures
  A two-headed ogre (D:8)
  3 slime creatures (D:8)
  A troll (D:5)
  Sigmund (D:2)
  A shadow (D:7)
  A yak (D:7)
  Eustachio (D:6)
  Menkaure (D:7)
  An orc warrior (D:8)
  3 black bears
  2 sky beasts
  2 ogres
  A necrophage (D:6)
  A centaur (D:5)
  A phantom (D:6)
  3 kobold brigands
  7 bullfrogs
  A gnoll sergeant (D:6)
  A scorpion (D:8)
  A wyvern skeleton (D:6)
  A howler monkey (D:6)
  A crimson imp (D:5)
  A centaur zombie (D:6)
  A bullfrog zombie (D:5)
  4 hounds
  Crazy Yiuf (D:7)
  4 orc priests
  A gnoll shaman (D:7)
  5 iguanas
  Natasha (thrice) (D:2)
  2 orc wizards (D:8)
  Robin (D:2)
  A howler monkey zombie (D:5)
  4 adders
  13 gnolls
  A howler monkey skeleton (D:6)
  A river rat (D:3)
  A shadow imp (D:8)
  3 white imps
  2 ufetubi
  2 dart slugs
  5 worms
  14 orcs
  11 ball pythons
  3 bats
  3 endoplasms
  5 giant cockroaches
  A hobgoblin (D:2)
  2 jackals (Sewer)
  8 quokkas
  7 frilled lizards
  17 goblins
  14 kobolds
  8 rats
185 creatures vanquished.

Vanquished Creatures (others)
  38 fungi
  24 plants
62 creatures vanquished.

Grand Total: 247 creatures vanquished

Notes
Turn   | Place    | Note
-------+----------+-------------------------------------------
     0 | D:1      | Atelerd the Octopode Earth Elementalist began the quest for
                  | the Orb.
     0 | D:1      | Reached XP level 1. HP: 11/11 MP: 3/3
   121 | D:1      | Reached XP level 2. HP: 17/17 MP: 1/5
   588 | D:1      | Reached XP level 3. HP: 11/21 MP: 6/6
  1105 | D:1      | Found a faded altar of an unknown god.
  1544 | D:2      | Reached XP level 4. HP: 25/26 MP: 3/8
  1551 | D:2      | Noticed Robin
  1560 | D:2      | Killed Robin
  1816 | D:2      | Noticed Sigmund
  1826 | D:2      | Killed Sigmund
  1827 | D:2      | Reached skill level 3 in Spellcasting
  1827 | D:2      | Reached XP level 5. HP: 31/31 MP: 6/10
  1827 | D:2      | Reached XP level 6. HP: 36/36 MP: 6/11
  1924 | D:2      | Learned a level 4 spell: Petrify
  2018 | D:2      | Noticed Natasha
  2025 | D:2      | Killed Natasha
  2182 | D:2      | Noticed Natasha
  2187 | D:2      | Killed Natasha
  2695 | D:3      | Found a glowing drain.
  2703 | D:3      | Reached skill level 4 in Spellcasting
  3031 | Sewer    | Entered a sewer
  3223 | Sewer    | Found a white marble altar of Elyvilon.
  3527 | D:3      | Found a hide-covered altar of Uskayaw.
  4083 | D:4      | Found Yxkikivalo's Weapon Shop.
  4123 | D:4      | Noticed a black bear
  4140 | D:4      | Killed a black bear
  4141 | D:4      | Reached XP level 7. HP: 35/41 MP: 9/13
  4222 | D:4      | Reached skill level 5 in Earth Magic
  4510 | D:4      | Found a runed translucent gate.
  4511 | D:4      | Found a runed translucent gate.
  4511 | D:4      | Found a runed translucent gate.
  4511 | D:4      | Noticed CuBeRJAN3's ghost (amateur DrCj)
  4768 | D:4      | Reached skill level 5 in Stealth
  4879 | D:5      | Entered Level 5 of the Dungeon
  4879 | D:5      | Found Bucsas's Jewellery Boutique.
  4886 | D:5      | Noticed a troll
  5023 | D:5      | Reached skill level 5 in Spellcasting
  5100 | D:5      | Reached skill level 1 in Short Blades
  5100 | D:5      | Reached XP level 8. HP: 28/46 MP: 4/15
  5839 | D:5      | Killed a troll
  6190 | D:5      | Reached skill level 6 in Spellcasting
  6429 | D:5      | Found a staircase to the Ecumenical Temple.
  6522 | Temple   | Entered the Ecumenical Temple
  6581 | Temple   | Became a worshipper of Sif Muna the Loreminder
  6721 | D:2      | Noticed Natasha
  6725 | D:2      | Killed Natasha
  6785 | D:5      | Reached skill level 5 in Transmutations
  6961 | D:6      | Found an ancient bone altar of Kikubaaqudgha.
  7234 | D:6      | Noticed Eustachio
  7247 | D:6      | Reached XP level 9. HP: 51/51 MP: 2/19
  7440 | D:6      | Killed Eustachio
  7441 | D:6      | Reached skill level 7 in Spellcasting
  8648 | D:7      | Reached * piety under Sif Muna
  8761 | D:7      | Found a broken altar of Ashenzari.
  9319 | D:7      | Found a radiant altar of Vehumet.
  9324 | D:7      | Learned a level 3 spell: Mephitic Cloud
  9326 | D:7      | Found an ornate altar of the Wu Jian Council.
  9330 | D:7      | Found a white marble altar of Elyvilon.
  9402 | D:7      | Found a runed translucent door.
  9403 | D:7      | Noticed Crazy Yiuf
  9657 | D:7      | Noticed Menkaure
  9695 | D:7      | Killed Menkaure
  9880 | D:7      | Reached skill level 8 in Spellcasting
  9880 | D:7      | Reached skill level 1 in Poison Magic
 10027 | D:7      | Killed Crazy Yiuf
 10028 | D:7      | Reached skill level 1 in Conjurations
 10028 | D:7      | Reached skill level 1 in Air Magic
 10080 | D:8      | Noticed a two-headed ogre
 10090 | D:8      | Killed a two-headed ogre
 10091 | D:8      | Reached XP level 10. HP: 56/56 MP: 15/22
 10145 | D:8      | Found a transporter.
 10154 | D:8      | Found a transporter.
 10155 | D:8      | Noticed a two-headed ogre
 10155 | D:8      | Noticed Linguinho's ghost (novice GrFi)
 10157 | D:8      | Noticed a moth of wrath
 10158 | D:8      | Found a bloodstained altar of Trog.
 11209 | D:8      | Found a staircase to the Lair.
 11544 | D:8      | Reached skill level 9 in Spellcasting
 12123 | D:8      | Noticed a kobold demonologist
 12149 | D:8      | HP: 2/56 [red devil[a kobold demonologist] (6)]
 12149 | D:8      | Killed from afar by a white imp

Illustrated notes

Levels and vault maps discovered:
D:1:      amcnicky_arrival_feature_with_door, layout_basic,
          ebering_ecumenical_altar_webs
D:2:      layout_loops_ring, serial_park_tiny_2, uniq_natasha, uniq_sigmund,
          uniq_robin
D:3:      layout_loops_ring, mainiacjoe_overflow_24_doors,
          gup_sewer_entry_bubbles, roderic_roman_lattice,
          minmay_misc_feat_alley, roderic_serpentine_path
D:4:      layout_basic, serial_shops, nicolae_lakefront_shop,
          gammafunk_ghost_nasty_kobolds
D:5:      layout_rooms, temple_statues, serial_shops, shop, minmay_fountain_box,
          minivault_25, grunt_decor_fettered, minmay_fire_ice_demons
D:6:      layout_basic, general_overflow_altar, uniq_eustachio
D:7:      layout_basic, ashenzari_altar_1, grunt_temple_overflow_diamond,
          uniq_crazy_yiuf_cottage, uniq_menkaure
D:8:      layout_loops_corners, due_lair_maze_entry_diamond,
          gammafunk_ghost_wrathful_warriors, special_room [special_room_kobold]
Temple:   nicolae_temple_elliptical

Skill      XL: |  1  2  3  4  5  6  7  8  9 10 |
---------------+-------------------------------+-----
Transmutations | 2 3 4 5 6 |  6.2
Spellcasting   | 3 4 5 6 8 9 |  9.1
Earth Magic    | 4 5 6 7 |  7.0
Stealth        | 3 5 |  5.0
Short Blades   | 1 2 |  2.0
Poison Magic   | 2 |  2.0
Conjurations   | 2 |  2.0
Air Magic      | 2 |  2.0
Invocations    | 3 4 |  4.6
Dodging        | 3 |  3.9

Action                   |  1- 3 |  4- 6 |  7- 9 | 10-12 || total
-------------------------+-------+-------+-------+-------++-------
Melee: Dagger            |    39 |    67 |    75 |    48 ||   229
       Constrict         |    12 |    17 |    15 |     5 ||    49
       Unarmed           |     2 |       |       |       ||     2
       Tentacles         |     6 |     8 |    12 |     7 ||    33
 Cast: Sandblast         |    16 |    31 |   109 |    42 ||   198
       Petrify           |       |     1 |    30 |    12 ||    43
  Use: Scroll            |       |     2 |       |       ||     2
       Potion            |       |       |     2 |       ||     2
 Stab: Sleeping          |    11 |    15 |     5 |       ||    31
       Distracted        |       |     1 |       |       ||     1
       Petrified         |       |     5 |    43 |    31 ||    79
       Petrifying        |       |       |       |     1 ||     1
Armor: Skin              |     1 |     4 |     9 |     3 ||    17
Dodge: Dodged            |    17 |    46 |    80 |    13 ||   156
